 Dungeon Crawl Stone Soup version 0.27.0-1-g7a089689b8 (webtiles) character file.

Game seed: 605110058718457974

149 Strat the Digger (level 5, -2/38 HPs)
             Began as a Draconian Earth Elementalist on Aug 11, 2021.
             Killed from afar by an orc wizard (4 damage)
             ... with a puff of flame
             ... on level 3 of the Dungeon.
             The game lasted 00:07:19 (2488 turns).

Strat the Digger (Draconian Earth Elementalist)     Turns: 2488, Time: 00:07:20

Health: -2/38      AC:  5    Str: 10    XL:     5   Next: 9%
Magic:  6/8        EV: 12    Int: 17    God:
Gold:   86         SH:  0    Dex: 11    Spells: 4/8 levels left

rFire    . . .     SeeInvis +   a - +0 dagger (venom)
rCold    . . .     Faith    .   (no shield)
rNeg     . . .     Spirit   .   (armour unavailable)
rPois    .         Reflect  .   (helmet restricted)
rElec    .         Harm     .   (no cloak)
rCorr    .         Rampage  .   (no gloves)
Will     .....                  (no boots)
Stlth    ++........             i - amulet of regeneration
HPRegen  1.12/turn              g - ring of see invisible
MPRegen  0.11/turn              (no ring)

@: no status effects
A: AC +5, unfitting armour, cold-blooded
a: no special abilities


You were on level 3 of the Dungeon.
You visited 1 branch of the dungeon, and saw 3 of its levels.

You collected 86 gold pieces.

Inventory:

Hand Weapons
 a - a +0 dagger of venom (weapon)
 m - a +0 short sword
Missiles
 h - 7 silver javelins
 n - a stone
Magical Staves
 b - a staff of conjuration
Jewellery
 g - a ring of see invisible (left hand)
 i - an amulet of regeneration (around neck)
Scrolls
 c - a scroll of identify {unknown}
 e - 3 scrolls of teleportation {unknown}
 f - a scroll of enchant weapon {unknown}
 k - a scroll of vulnerability {unknown}
 l - a scroll of amnesia {unknown}
Potions
 j - 2 potions of ambrosia {unknown}


   Skills:
 - Level 1.7 Dodging
 - Level 1.7 Stealth
 - Level 2.0 Spellcasting
 + Level 1.8 Conjurations
 - Level 1.0 Transmutations
 - Level 5.4 Earth Magic


You had 4 spell levels left.
You knew the following spells:

 Your Spells              Type           Power      Damage    Failure   Level
a - Sandblast             Erth           40%        2d10      1%          1
b - Stone Arrow           Conj/Erth      28%        3d8       13%         3

Your spell library contained the following spells:

 Spells                   Type           Power      Damage    Failure   Level
 Passwall                 Tmut/Erth      10%        N/A       8%          2
 Animate Skeleton         Necr           2%         N/A       19%         1
 Pain                     Necr           4%         1d4       19%         1
 Petrify                  Tmut/Erth      12%        N/A       45%         4
 Vampiric Draining        Necr           0%         2d6       50%         3


Dungeon Overview and Level Annotations

Branches:
Dungeon (3/15)

Altars:
Okawaru

Annotations:
D:3 Natasha, Sigmund, Terence


Innate Abilities, Weirdness & Mutations

Your plain brown scales are hard. (AC +5)
You cannot fit into any form of body armour.
You are cold-blooded and may be slowed by cold attacks.


Message History

The orc wizard flickers and vanishes for a moment.
The orc wizard gestures at you while chanting.
The puff of flame hits you!
The orc wizard hits you with a +0 dagger.
You hit the orc wizard.
The orc wizard is poisoned.
The orc wizard is lightly wounded.
The orc wizard points at you and mumbles some strange words.
The magic dart hits you.
You barely miss the orc wizard.
The orc wizard is lightly wounded.
The orc wizard misses you. The gnoll closely misses you.
You closely miss the orc wizard.
The orc wizard is lightly wounded.
The orc wizard closely misses you. The gnoll barely misses you.
You closely miss the orc wizard.
The orc wizard is lightly wounded.
The orc wizard barely misses you.
The gnoll hits you from afar with a +0 spear!
* * * LOW HITPOINT WARNING * * *
The orc wizard casts a spell at you. The magic dart hits you.
* * * LOW HITPOINT WARNING * * *
The orc wizard points at you and mumbles some strange words.
The puff of flame hits you!
* * * LOW HITPOINT WARNING * * *
The orc wizard looks more healthy.
Natasha mewls in sadness.
Natasha casts a spell.
The orc wizard points at you and mumbles some strange words.
The magic dart hits you.
* * * LOW HITPOINT WARNING * * *
The orc wizard points at you and mumbles some strange words.
The magic dart hits you!
* * * LOW HITPOINT WARNING * * *
The orc wizard points at you and mumbles some strange words.
The magic dart hits you.
* * * LOW HITPOINT WARNING * * *
The orc wizard points at you and mumbles some strange words.
The puff of flame hits you.
You die...

..# .##
#.#o.#######
.....
#.....# .##.
#.###..#
.... #b #..#
.##. # #..#
... #..# ##.
#..#######.
#.........
#.@...#
#.#.###
#.#.# #.#.#
#.#.# ##
#.#.# .####
#.#.# ....#
#o#.. ....#
#5#


You could see an orc wizard (invisible).

Vanquished Creatures
  Natasha (twice) (D:3)
  Robin (D:3)
  A gnoll (D:3)
  An adder (D:3)
  2 worms (D:2)
  2 dart slugs (D:3)
  6 orcs
  3 ball pythons
  5 bats
  2 endoplasms
  2 giant cockroaches
  6 goblins
  5 hobgoblins
  2 jackals (D:3)
  A quokka (D:2)
  A frilled lizard (D:3)
  5 kobolds
  3 rats
50 creatures vanquished.

Notes
Turn   | Place    | Note
-------+----------+-------------------------------------------
     0 | D:1      | Strat the Draconian Earth Elementalist began the quest for
                  | the Orb.
     0 | D:1      | Reached XP level 1. HP: 14/14 MP: 3/3
   193 | D:1      | You fall into a shaft and drop 1 floor!
   193 | D:2      | Found a faded altar of an unknown god.
   299 | D:2      | Reached XP level 2. HP: 20/20 MP: 3/5
   900 | D:2      | Reached skill level 4 in Earth Magic
  1393 | D:3      | Reached XP level 3. HP: 26/26 MP: 2/6
  1522 | D:3      | Noticed Natasha
  1649 | D:3      | Found an iron altar of Okawaru.
  1656 | D:3      | Noticed Terence
  1885 | D:3      | Killed Natasha
  1886 | D:3      | Reached skill level 5 in Earth Magic
  1886 | D:3      | Reached XP level 4. HP: 27/33 MP: 2/7
  1915 | D:3      | Noticed Robin
  1928 | D:3      | Noticed Sigmund
  1980 | D:3      | Killed Robin
  2018 | D:3      | Learned a level 3 spell: Stone Arrow
  2276 | D:3      | Noticed Natasha
  2284 | D:3      | Killed Natasha
  2285 | D:3      | Reached skill level 1 in Conjurations
  2285 | D:3      | Reached XP level 5. HP: 29/38 MP: 8/8
  2422 | D:3      | Noticed Natasha
  2487 | D:3      | HP: 1/38 [orc wizard/magic dart (6)]
  2488 | D:3      | Killed from afar by an orc wizard

Illustrated notes

Levels and vault maps discovered:
D:1:      tarquinn_simple_flora_water_b, layout_basic
D:2:      layout_loops_corners, shapermc_ecumenical_altar_starsandcircs
D:3:      layout_loops_ring, nicolae_overflow_crystal_walls,
          ebering_ghost_sewer_f, uniq_robin, uniq_terence, uniq_sigmund,
          uniq_natasha

Skill      XL: |  1  2  3  4 |
---------------+-------------+-----
Earth Magic    | 4 5 |  5.4
Conjurations   | 1 |  1.8
Dodging        | |  1.7
Stealth        | |  1.7
Spellcasting   | |  2.0
Transmutations | |  1.0

Action                   |  1- 3 |  4- 6 || total
-------------------------+-------+-------++-------
Melee: Short sword       |    53 |    46 ||    99
       Tailslap          |     6 |     7 ||    13
       Dagger            |       |    19 ||    19
 Cast: Sandblast         |    60 |     1 ||    61
       Stone Arrow       |       |     3 ||     3
  Use: Scroll            |       |     2 ||     2
 Stab: Sleeping          |     2 |     1 ||     3
Armor: Skin              |    24 |    16 ||    40
Dodge: Dodged            |    57 |    43 ||   100
